 Dungeon Crawl Stone Soup version 0.30-a0-900-g23479c02f2 (webtiles) character file.

Game seed: 4299186731384407797

15279 gelatine the Cleaver (level 11, -7/83 HPs)
             Began as a Demonspawn Gladiator on Mar 18, 2023.
             Was an Elder of Makhleb.
             Mangled by a komodo dragon (20 damage)
             ... on level 2 of the Lair of Beasts.
             The game lasted 00:38:44 (11650 turns).

gelatine the Cleaver (Demonspawn Gladiator)        Turns: 11650, Time: 00:38:45

Health: -7/83      AC: 12    Str: 20    XL:     11   Next: 99%
Magic:  0/18       EV: 15    Int: 12    God:    Makhleb [****..]
Gold:   1377       SH:  0    Dex: 14    Spells: 15/19 levels left

rFire   . . .      SeeInvis .    B - +8 war axe of the Coward {elec, Int+3}
rCold   . . .      Faith    .    (no shield)
rNeg    + . .      Spirit   +    L - +0 steam dragon scales
rPois   .          Reflect  .    c - +1 helmet
rElec   .          Rampage  .    F - +1 cloak
rCorr   +                        (gloves unavailable)
Will    .....                    O - +0 pair of boots
Stlth   ++                       u - amulet of magic regeneration
HPRegen 0.33/turn                E - ring of positive energy
MPRegen 0.72/turn                V - ring of resist corrosion

@: no status effects
A: powered by pain 2, magic shield, magic regeneration, demonic touch 3
a: Renounce Religion, Minor Destruction, Lesser Servant of Makhleb, Major
Destruction


You were on level 2 of the Lair of Beasts.
You worshipped Makhleb.
Makhleb was greatly pleased with you.
You visited 3 branches of the dungeon, and saw 14 of its levels.
You also visited: Bailey.

You collected 1377 gold pieces.

Inventory:

Hand Weapons
 B - the +8 war axe of the Coward (weapon) {elec, Int+3}
   (You found it on level 4 of the Dungeon)

   Int:       It affects your intelligence (+3).
 W - the +1 trident of Gloom {heavy, Will+++ rCorr}
   (You found it on level 7 of the Dungeon)

   rCorr:     It protects you from acid and corrosion.
   Will:      It greatly increases your willpower.
Missiles
 y - 4 atropa-tipped darts
 C - 17 boomerangs (quivered)
 D - 19 curare-tipped darts
 G - 46 poisoned darts
 H - a javelin
 I - 4 datura-tipped darts
 K - 4 boomerangs of dispersal
Armour
 a - a +0 kite shield
 c - a +1 helmet (worn)
 e - a +2 leather armour of fire resistance
 F - a +1 cloak (worn)
 J - a +3 scale mail of fire resistance
 L - +0 steam dragon scales (worn)
 O - a +0 pair of boots (worn)
 P - a +0 troll leather armour
Magical Staves
 x - a staff of earth
Jewellery
 u - an amulet of magic regeneration (around neck)
 v - the amulet of Suspected Treachery {Faith Will+}
   (You found it on level 3 of the Dungeon)

   [amulet of faith]

   It allows you to gain divine favour quickly.
   Will:      It increases your willpower.
 E - a ring of positive energy (left hand)
 V - a ring of resist corrosion (right hand)
Wands
 d - a wand of polymorph (8)
 p - a wand of paralysis (10)
 t - a wand of light (10)
 S - a wand of iceblast (16)
 U - a wand of flame (12)
Scrolls
 b - 3 scrolls of enchant weapon
 f - a scroll of vulnerability
 h - 3 scrolls of enchant armour
 q - a scroll of summoning {unknown}
 r - a scroll of blinking {unknown}
 s - 3 scrolls of fear {unknown}
 w - 4 scrolls of magic mapping
 M - 4 scrolls of teleportation {unknown}
 R - a scroll of fog {unknown}
 T - a scroll of amnesia
Potions
 g - a potion of brilliance
 i - 3 potions of attraction
 j - a potion of invisibility
 k - 3 potions of berserk rage
 l - 4 potions of flight
 m - 2 potions of curing
 n - 4 potions of haste
 z - 4 potions of mutation {unknown}
 A - a potion of lignification


   Skills:
 * Level 6.5 Fighting
 * Level 10.4 Axes
 + Level 4.7 Throwing
 * Level 6.1 Armour
 * Level 6.5 Dodging
 + Level 3.3 Stealth
 + Level 4.8 Spellcasting
 + Level 2.6 Summonings
 + Level 4.6 Translocations
 * Level 7.5 Invocations
 * Level 1.7 Evocations


You had 15 spell levels left.
You knew the following spells:

 Your Spells              Type           Power      Damage    Failure   Level
a - Gell's Gravitas       Tloc           14%        N/A       9%          3
b - Summon Small Mammal   Summ           36%        N/A       7%          1

Your spell library contained the following spells:

 Spells                   Type           Power      Damage    Failure   Level
 Teleport Other           Tloc           14%        N/A       9%          3
 Call Imp                 Summ           9%         N/A       11%         2
 Magic Dart               Conj           8%         1d3       21%         1
 Necrotise                Necr           8%         1d4       21%         1
 Shock                    Conj/Air       8%         1d3       21%         1
 Call Canine Familiar     Summ           9%         N/A       21%         3
 Vhi's Electric Charge    Tloc/Air       16%        N/A       24%         3
 Searing Ray              Conj           4%         2d4       30%         2
 Summon Guardian Golem    Hex/Summ       6%         N/A       34%         3
 Mephitic Cloud           Conj/Pois/Air  2%         N/A       52%         3
 Swiftness                Air            2%         N/A       52%         3
 Vampiric Draining        Necr           2%         2d6       52%         3
 Summon Ice Beast         Ice/Summ       6%         N/A       75%         4
 Summon Forest            Summ/Tloc      5%         N/A       77%         5
 Airstrike                Air            1%         2d(1-17)  90%         4
 Fulminant Prism          Conj/Hex       1%         3d5       90%         4
 Summon Mana Viper        Hex/Summ       6%         N/A       97%         5
 Agony                    Necr           2%         N/A       99%         5
 Arcjolt                  Conj/Air       1%         1d11      99%         5
 Dispersal                Tloc           7%         N/A       99%         6
 Summon Cactus Giant      Summ           4%         N/A       100%        6
 Monstrous Menagerie      Summ           4%         N/A       100%        7
 Maxwell's Capacitive Co  Air            1%         ∞         100%        8


Dungeon Overview and Level Annotations

Branches:
Dungeon (11/15)            Temple (1/1) D:4            Lair (2/5) D:9
    Orc (0/2) D:9          Bailey (visited)
  Swamp: Lair:2-3    Shoals: Lair:2-3     Snake: Lair:2-3    Spider: Lair:2-3

Altars:
Ashenzari
Cheibriados
Dithmenos
Fedhas
Gozag
Hepliaklqana
Kikubaaqudgha
Makhleb
Nemelex Xobeh
Okawaru
Qazlal
Ru
Sif Muna
Trog
Uskayaw
Vehumet
Wu Jian
Xom
Yredelemnul

Shops:
D:3 :   D:6 *


Innate Abilities, Weirdness & Mutations

You sometimes gain power by taking damage.
When hurt, damage is shared between your health and your magic reserves.
You regenerate magic rapidly.
Your touch may irresistibly damage your foes and sap their willpower.


Message History

The komodo dragon is moderately wounded.
You slash the elephant! You barely miss the elephant.
The komodo dragon bites you but does no damage.
The elephant closely misses you.
The elephant trunk-slaps you but does no damage.
The elephant tramples you!
* * * LOW HITPOINT WARNING * * *
You hold your ground!
The elephant trunk-slaps you but does no damage.
You feel better. The komodo dragon closely misses you.
The elephant tramples you but does no damage.
The elephant trunk-slaps you but does no damage.
The elephant tramples you.
* * * LOW HITPOINT WARNING * * *
You hold your ground!
The elephant misses you.
You hit the komodo dragon.
The komodo dragon is heavily wounded.
You completely miss the elephant. You hit the elephant.
The komodo dragon bites you!
* * * LOW HITPOINT WARNING * * *
You focus on the pain.
You feel your power returning. The elephant tramples you.
* * * LOW HITPOINT WARNING * * *
You hold your ground!
The elephant barely misses you.
The elephant tramples you but does no damage.
The elephant trunk-slaps you but does no damage.
A demon appears!
The komodo dragon bites you. The elephant tramples you.
You hold your ground!
The elephant trunk-slaps you but does no damage.
The elephant closely misses you. x2
You feel better. The komodo dragon barely misses you.
The elephant tramples you!
* * * LOW HITPOINT WARNING * * *
You hold your ground!
The elephant trunk-slaps you.
* * * LOW HITPOINT WARNING * * *
The elephant tramples you but does no damage.
The elephant completely misses you.
Your hellwing hits the elephant but does no damage. x2
You feel better. The komodo dragon bites you!!
You die...

.................................
.##..............................
# #......#.#.#.#......##P#...#..#
#.......########......####.##..#
##....... ##.....##....##..P
#......##.....#...
#S....#.....##..#
##lY...†#....##...
#@Yh...P#YY..PP..#
##Y4....#.....P..#
.........###h.P.P..# .........#
#..###..# ................ ..#
................. .#
................. #
................ .##..##..#


You could see 3 elephants, a komodo dragon, a water moccasin, a black bear and a
friendly hellwing (summoned).

Vanquished Creatures
  4 two-headed ogres
  The ghost of Iniera the Grasshopper, a novice VSCj (D:7)
  6 elephants
  A gargoyle (D:10)
  A cane toad (Lair:1)
  A komodo dragon (Lair:1)
  A kobold demonologist (D:7)
  A rime drake (Lair:2)
  A polar bear (Lair:1)
  2 trolls (D:9)
  3 blink frogs
  Grinder (D:6)
  A shadow (D:9)
  Sigmund (D:6)
  2 wyverns (D:9)
  9 yaks
  2 steam dragons
  Menkaure (D:6)
  3 wargs (D:9)
  2 water moccasins
  Duvessa (D:6)
  8 orc warriors
  A black bear (Lair:1)
  3 ogres
  4 centaurs
  5 gnoll sergeants
  16 kobold brigands
  3 bullfrogs
  Blork the orc (D:6)
  8 wights
  Dowan (D:6)
  8 killer bees
  2 electric eels (Lair:1)
  3 howler monkeys
  A hound (D:4)
  2 jellies
  5 orc priests
  3 sleepcaps
  2 iguanas
  6 orc wizards
  15 gnolls
  11 adders
  2 shadow imps
  2 white imps
  3 ufetubi
  2 worms
  16 orcs
  9 ball pythons
  4 bats
  6 endoplasms
  4 giant cockroaches
  7 goblins
  8 hobgoblins
  31 kobolds
  7 quokkas
  5 frilled lizards
  4 rats
263 creatures vanquished.

Vanquished Creatures (collateral kills)
  A killer bee (D:10)
1 creature vanquished.

Vanquished Creatures (others)
  An orc wizard (D:8)
  An orc (D:9)
  2 fungi
  10 plants
14 creatures vanquished.

Grand Total: 278 creatures vanquished

Notes
Turn   | Place    | Note
-------+----------+-------------------------------------------
     0 | D:1      | gelatine the Demonspawn Gladiator began the quest for the
                  | Orb.
     0 | D:1      | Reached XP level 1. HP: 16/16 MP: 1/1
    74 | D:1      | Found a faded altar of an unknown god.
    75 | D:1      | Noticed a golden eye
    77 | D:1      | Noticed an eye of devastation
    77 | D:1      | Noticed a great orb of eyes
    77 | D:1      | Noticed a golden eye
    85 | D:1      | Reached skill level 3 in Axes
   311 | D:1      | Gained mutation: You regenerate magic rapidly. [demonic
                  | ancestry]
   311 | D:1      | Reached XP level 2. HP: 18/22 MP: 2/2
  1033 | D:2      | Gained mutation: Your touch may inflict minor irresistible
                  | damage on your foes. [demonic ancestry]
  1033 | D:2      | Reached XP level 3. HP: 27/27 MP: 3/3
  1312 | D:2      | Reached skill level 1 in Armour
  1677 | D:3      | Gained mutation: When hurt, damage is shared between your
                  | health and your magic reserves. [demonic ancestry]
  1677 | D:3      | Reached XP level 4. HP: 33/33 MP: 5/5
  1689 | D:3      | Found Jichaz's Book Emporium.
  1709 | D:3      | Learned a level 3 spell: Gell's Gravitas
  1885 | D:3      | Identified the amulet of Suspected Treachery {Faith Will+}
  2121 | D:4      | Reached skill level 1 in Spellcasting
  2142 | D:4      | Reached skill level 1 in Stealth
  2142 | D:4      | Gained mutation: You sometimes gain a little power by
                  | taking damage. [demonic ancestry]
  2142 | D:4      | Reached XP level 5. HP: 33/39 MP: 6/6
  2167 | D:4      | Found a staircase to the Ecumenical Temple.
  2446 | D:4      | Identified the +8 war axe of the Coward {elec, Int+3}
  2583 | D:4      | Gained mutation: You sometimes gain power by taking damage.
                  | [demonic ancestry]
  2583 | D:4      | Reached XP level 6. HP: 44/46 MP: 8/8
  2689 | Temple   | Entered the Ecumenical Temple
  2991 | Temple   | Became a worshipper of Makhleb the Destroyer
  3325 | D:5      | Entered Level 5 of the Dungeon
  3480 | D:5      | Found an ornate altar of the Wu Jian Council.
  3493 | D:5      | Reached skill level 1 in Translocations
  3750 | D:6      | Found a shimmering blue altar of Sif Muna.
  3779 | D:6      | Noticed Blork the orc
  3785 | D:6      | Killed Blork the orc
  3786 | D:6      | Reached skill level 4 in Axes
  4023 | D:6      | Gained mutation: Your touch may inflict irresistible damage
                  | on your foes. [demonic ancestry]
  4023 | D:6      | Reached XP level 7. HP: 51/51 MP: 9/9
  4040 | D:6      | Noticed Grinder
  4096 | D:6      | Paralysed by Grinder for 4 turns
  4107 | D:6      | Killed Grinder
  4108 | D:6      | Reached skill level 1 in Invocations
  4363 | D:6      | Noticed Sigmund
  4378 | D:6      | Killed Sigmund
  4379 | D:6      | Reached XP level 8. HP: 46/58 MP: 11/11
  4551 | D:6      | Reached * piety under Makhleb
  4687 | D:6      | Noticed Menkaure
  4692 | D:6      | Killed Menkaure
  4693 | D:6      | Reached skill level 5 in Axes
  4772 | D:6      | Noticed Duvessa
  4772 | D:6      | Noticed Dowan
  4777 | D:6      | Killed Dowan
  4782 | D:6      | Killed Duvessa
  5001 | D:6      | Found Yller's Serpentskin Sales.
  5236 | D:7      | Found a flagged portal.
  5257 | Bailey   | Entered a bailey
  5280 | Bailey   | Reached skill level 6 in Axes
  5576 | Bailey   | Reached XP level 9. HP: 42/65 MP: 8/13
  5716 | Bailey   | Found a burning altar of Makhleb.
  5988 | D:7      | Reached ** piety under Makhleb
  5989 | D:7      | Reached skill level 7 in Axes
  6183 | D:7      | Found a sacrificial altar of Ru.
  6539 | D:7      | Found a shimmering altar of Xom.
  6723 | D:7      | Found a snail-covered altar of Cheibriados.
  6777 | D:7      | Found a runed translucent gate.
  6777 | D:7      | Found a runed translucent gate.
  6777 | D:7      | Found a runed translucent gate.
  6777 | D:7      | Noticed Iniera's ghost (novice VSCj)
  6779 | D:7      | Noticed a kobold demonologist
  7128 | D:8      | Reached skill level 8 in Axes
  7128 | D:8      | Reached skill level 5 in Invocations
  7128 | D:8      | Gained mutation: Your touch may irresistibly damage your
                  | foes and sap their willpower. [demonic ancestry]
  7128 | D:8      | Reached XP level 10. HP: 73/73 MP: 15/15
  7187 | D:8      | Reached skill level 5 in Armour
  7237 | D:8      | Noticed a two-headed ogre
  7247 | D:8      | Killed a two-headed ogre
  7782 | D:9      | Reached skill level 5 in Fighting
  7802 | D:9      | Reached skill level 5 in Dodging
  7885 | D:9      | Learned a level 1 spell: Summon Small Mammal
  7965 | D:9      | Noticed a two-headed ogre
  7978 | D:9      | Killed a two-headed ogre
  8176 | D:9      | Reached skill level 1 in Summonings
  8339 | D:9      | Noticed a two-headed ogre
  8349 | D:9      | Reached skill level 9 in Axes
  8350 | D:9      | Killed a two-headed ogre
  8364 | D:9      | Reached *** piety under Makhleb
  8419 | D:9      | Reached XP level 11. HP: 41/80 MP: 14/17
  8469 | D:9      | Found a staircase to the Orcish Mines.
  8639 | D:9      | Found a staircase to the Lair.
  8893 | D:10     | Entered Level 10 of the Dungeon
  9155 | D:10     | Noticed a two-headed ogre
  9165 | D:10     | Killed a two-headed ogre
  9265 | D:10     | Reached **** piety under Makhleb
 10112 | D:7      | Killed Iniera's ghost
 10149 | D:7      | Identified the +1 trident of Gloom {heavy, Will+++ rCorr}
 10263 | Lair:1   | Entered Level 1 of the Lair of Beasts
 10467 | Lair:1   | Reached skill level 10 in Axes
 11170 | Lair:1   | Reached skill level 1 in Evocations
 11649 | Lair:2   | HP: 4/83 [elephant (8)]
 11650 | Lair:2   | Mangled by a komodo dragon

Illustrated notes

Levels and vault maps discovered:
D:1:      sevenhm_arrival_forest_fort_small_4, layout_basic,
          hellmonk_ecumenical_altar_watching_god
D:2:      layout_loops_ring
D:3:      layout_basic, mainiacjoe_overflow_brackets, serial_shops, shop
D:4:      layout_basic, minmay_temple_entry_overgrown
D:5:      layout_rooms, lemuel_round_altar
D:6:      layout_gridville, mainiacjoe_overflow_surrounded_room,
          guppyfry_shop_venom, uniq_menkaure, uniq_sigmund, uniq_grinder,
          uniq_duvessa, uniq_blork_the_orc
D:7:      layout_loops_ring, chei_slow_surprise, mainiacjoe_overflow_chevrons,
          nicolae_ru_great_annihilating_truth, enter_bailey_2,
          gammafunk_ghost_nasty_kobolds
D:8:      layout_basic, dk_noncrumbling_2
D:9:      layout_gridville, erik_lair_orcish_takeover,
          kennysheep_orc_monster_closet_entryway
D:10:     layout_gridville
D:11:     layout_irregular_city, minmay_fire_ice_demons
Temple:   minmay_temple_bridge_d
Lair:1:   layout_regular_city, serial_bayou_lake_a
Lair:2:   layout_regular_city, spider_nest_entry_web_field,
          cheibrodos_lair_lostbears, infiniplex_staircase_pool_2

Skill      XL: |  1  2  3  4  5  6  7  8  9 10 11 |
---------------+----------------------------------+-----
Axes           | 3 4 6 8 9 10 | 10.4
Throwing       | 2 3 4 |  4.7
Armour         | 1 2 3 4 5 6 |  6.1
Dodging        | 3 4 5 6 |  6.5
Spellcasting   | 1 2 3 4 |  4.8
Stealth        | 1 2 3 |  3.3
Translocations | 1 2 3 4 |  4.6
Fighting       | 3 4 5 6 |  6.5
Invocations    | 2 3 5 6 7 |  7.5
Summonings     | 1 2 |  2.6
Evocations     | 1 |  1.7

Action                     |  1- 3 |  4- 6 |  7- 9 | 10-12 || total
---------------------------+-------+-------+-------+-------++-------
  Melee: War axe           |    75 |    27 |   149 |   228 ||   479
         Touch             |     9 |    11 |    20 |    40 ||    80
         Hand axe          |     3 |    43 |       |       ||    46
         Punch             |       |       |     3 |     2 ||     5
  Throw: Boomerang         |    25 |    50 |    22 |    65 ||   162
         Throwing net      |       |     2 |     4 |       ||     6
         Javelin           |       |       |    11 |       ||    11
         Dart              |       |       |     3 |       ||     3
   Cast: Summon Small Mamm |       |       |       |    19 ||    19
         Gell's Gravitas   |       |       |       |     1 ||     1
 Invoke: Minor Destruction |       |       |       |     1 ||     1
         Lesser Servant of |       |       |       |     1 ||     1
    Use: Potion            |       |       |     4 |     8 ||    12
         Scroll            |       |       |     7 |     8 ||    15
   Stab: Sleeping          |       |     1 |     2 |     2 ||     5
         Paralysed         |       |       |     1 |       ||     1
         Invisible         |       |       |       |    12 ||    12
 Armour: Leather armour    |    14 |       |    39 |       ||    53
         Ring mail         |    15 |    34 |    14 |       ||    63
         Steam dragon scal |       |       |       |   101 ||   101
  Dodge: Dodged            |    59 |    37 |   122 |   210 ||   428

Table legend: (Time is in decaauts)
 A = Elapsed time spent in this place.
 B = Non-inter-level travel time spent in this place.
 C = Inter-level travel time spent in this place.
 D = Time resting spent in this place.
 E = Time spent auto-exploring this place.
 F = Levels seen in this place.
 G = Mean time per level.
                   A        B        C        D        E       F      G
               +--------+--------+--------+--------+--------+-----+--------+
         Total |  11808 |  10683 |   1125 |      0 |   8537 |  15 |  787.2 |
       Dungeon |   9652 |   8727 |    925 |      0 |   7031 |  11 |  877.5 |
        Temple |    375 |    226 |    149 |      0 |    215 |   1 |  375.0 |
          Lair |   1235 |   1184 |     51 |      0 |    970 |   2 |  617.5 |
        Bailey |    544 |    544 |      0 |      0 |    320 |   1 |  544.0 |
               +--------+--------+--------+--------+--------+-----+--------+

Top non-repeatable levels by time:
     D:6: 1621 daAuts
     D:7: 1347 daAuts
     D:9: 1338 daAuts
  Lair:1: 1077 daAuts
    D:10: 970 daAuts
     D:1: 944 daAuts
     D:4: 869 daAuts
     D:8: 869 daAuts
     D:2: 712 daAuts
  Bailey: 544 daAuts
     D:3: 480 daAuts
     D:5: 443 daAuts
  Temple: 375 daAuts
  Lair:2: 158 daAuts
    D:11: 55 daAuts
